 Dungeon Crawl Stone Soup version 0.20.0-10-g0535bb4 (webtiles) character file.

269 miragecloak the Insei (level 6, -1/38 HPs)
             Began as an Octopode Transmuter on June 5, 2017.
             Slain by an orc
             ... wielding a +0 hand axe
              (3 damage)
             ... on level 4 of the Dungeon.
             The game lasted 00:05:58 (2915 turns).

miragecloak the Insei (Octopode Transmuter)         Turns: 2915, Time: 00:05:59

Health: -1/38      AC:  1    Str: 10    XL:     6   Next: 22%
Magic:  8/9        EV: 13    Int: 15    God:
Gold:   171        SH:  0    Dex: 14    Spells: 5/9 levels left

rFire    . . .     SeeInvis .     - Unarmed
rCold    . . .     Gourm    .   (no shield)
rNeg     . . .     Faith    .   (helmet restricted)
rPois    .         Spirit   .   (no amulet)
rElec    .         Reflect  .   (no ring)
rCorr    .         Harm     .   (no ring)
MR       .....                  (no ring)
Stlth    ++........             (no ring)
Regen    0.2/turn               (no ring)
MPRegen  0.2/turn               (no ring)
                                (no ring)
                                (no ring)

@: confused
A: almost no armour, stealthy swim, amphibious, 8 rings, constrict 8, camouflage
1, gelatinous body 1
a: no special abilities


You were on level 4 of the Dungeon.
You were not hungry.

You visited 1 branch of the dungeon, and saw 4 of its levels.

You collected 171 gold pieces.

Inventory:

Missiles
 a - 26 arrows
Jewellery
 k - an uncursed ring of ice {unknown}
 q - an uncursed ring of flight {unknown}
 s - an uncursed ring of protection from magic {unknown}
Scrolls
 h - 3 scrolls of remove curse {unknown}
 i - a scroll of magic mapping {unknown}
 l - 3 scrolls of identify {unknown}
 r - a scroll of random uselessness {unknown}
Potions
 e - a potion of berserk rage {unknown}
 f - a potion of resistance {unknown}
 j - 4 potions of curing {unknown}
 n - a potion of cancellation {unknown}
 o - a potion of mutation {unknown}
Books
 b - a book of Changes

   Spells                             Type                      Level
   a - Beastly Appendage              Transmutation                1
   b - Sticks to Snakes               Transmutation                2
   c - Spider Form                    Transmutation/Poison         3
   d - Ice Form                       Ice/Transmutation            4
   e - Blade Hands                    Transmutation                5
Comestibles
 c - 3 bread rations
 g - 5 fruits
 m - a royal jelly
 p - 4 meat rations
 t - a chunk of flesh


   Skills:
 - Level 1.0 Fighting
 - Level 2.0 Dodging
 + Level 4.4 Unarmed Combat
 - Level 2.0 Spellcasting
 - Level 4.0 Transmutations
 - Level 3.9 Poison Magic


You had 5 spell levels left.
You knew the following spells:

 Your Spells              Type           Power        Failure   Level  Hunger
a - Beastly Appendage     Tmut           ##....       4%          1    #......
b - Spider Form           Tmut/Pois      ##........   13%         3    ###....


Dungeon Overview and Level Annotations

Branches:
Dungeon (4/15)
 Temple: D:4-7

Altars:
Fedhas
Makhleb
Yredelemnul

Shops:
D:4 }(

Annotations:
D:3 Grinder


Innate Abilities, Weirdness & Mutations

You cannot wear most types of armour.
You are very stealthy in the water. (Stealth+)
You are amphibious.
You can wear up to eight rings at the same time.
You can use your tentacles to constrict eight enemies at once.
Your skin changes colour to match your surroundings (Stealth+).
Your rubbery body absorbs attacks. (AC +1, EV +1)


Message History

* * * LOW HITPOINT WARNING * * *
The orc completely misses you.
You're too confused to cast spells.
Unknown command.
You're too confused to move!
Something hits you.
* * * LOW HITPOINT WARNING * * *
The orc hits you with a hand axe!
* * * LOW HITPOINT WARNING * * *
The orc completely misses you.
You bludgeon the orc!
You kill the orc!
You hear some strange, mumbled words.
You are more confused.
The orc completely misses you. The orc hits you with a hand axe.
* * * LOW HITPOINT WARNING * * *
You tentacle-slap the orc.
The orc is heavily wounded.
Something hits you but does no damage. The orc hits you with a hand axe.
You die...

##...........#.#...
#..###.......#...#
+#
W.####.......#...#
#..
o.........).∩....#
....
######.....#....##
#...#
#.....#.....#.....
#...........#....
#........†o..#
#..........@.#
.....#....#####
......##)..# .....#
#...# .. #...#
#####


You could see an orc.

Vanquished Creatures
  A centaur (D:3)
  Natasha (D:3)
  2 orc wizards (D:4)
  A worker ant (D:4)
  An adder (D:2)
  An adder skeleton (D:4)
  2 worms (D:2)
  5 dart slugs
  A leopard gecko (D:1)
  6 orcs
  4 bats
  4 giant cockroaches
  6 goblins
  5 hobgoblins
  2 jackals (D:2)
  A quokka (D:3)
  A ball python (D:2)
  3 frilled lizards
  3 kobolds
  5 rats
55 creatures vanquished.

Notes
Turn   | Place    | Note
-------+----------+-------------------------------------------
     0 | D:1      | miragecloak the Octopode Transmuter began the quest for the Orb.
     0 | D:1      | Reached XP level 1. HP: 13/13 MP: 3/3
   164 | D:1      | Reached XP level 2. HP: 17/18 MP: 3/5
   667 | D:2      | Reached XP level 3. HP: 21/23 MP: 4/6
   675 | D:2      | Learned a level 3 spell: Spider Form
   691 | D:2      | Found a blossoming altar of Fedhas.
   718 | D:2      | Reached skill level 1 in Poison Magic
   817 | D:2      | Found a burning altar of Makhleb.
  1429 | D:2      | You fall through a shaft for 2 floors!
  1452 | D:4      | Noticed a phantom
  1454 | D:4      | Found Najinn's Gadget Shoppe.
  1462 | D:4      | Noticed a scorpion
  1463 | D:4      | Found Pooheir's Antique Weapon Emporium.
  1488 | D:3      | Noticed Natasha
  1489 | D:3      | HP: 1/23 [Natasha/wand of flame (?/48) (5)]
  1515 | D:3      | HP: 1/23 [shadow imp[Natasha] (2)]
  1962 | D:3      | Reached XP level 4. HP: 28/28 MP: 3/7
  1994 | D:3      | Noticed an ogre
  2101 | D:3      | Noticed a centaur
  2118 | D:3      | Killed a centaur
  2118 | D:3      | Reached XP level 5. HP: 20/33 MP: 2/8
  2283 | D:3      | Killed Natasha
  2452 | D:3      | Noticed Grinder
  2455 | D:3      | Paralysed by Grinder for 3 turns
  2637 | D:4      | Found a basalt altar of Yredelemnul.
  2812 | D:4      | Reached XP level 6. HP: 38/38 MP: 3/9
  2915 | D:4      | Slain by an orc

Skill      XL: |  1  2  3  4  5 |
---------------+----------------+-----
Transmutations | 3 4 |  4.0
Poison Magic   | 2 3 |  3.9
Unarmed Combat | 4 |  4.4
Fighting       | |  1.0
Dodging        | |  2.0
Spellcasting   | |  2.0

Action                   |  1- 3 |  4- 6 || total
-------------------------+-------+-------++-------
Melee: Unarmed           |    88 |    62 ||   150
       Constrict         |    27 |     4 ||    31
       Tentacles         |    16 |     4 ||    20
       Kick              |    25 |       ||    25
       Punch             |     1 |     1 ||     2
 Cast: Beastly Appendage |    29 |     2 ||    31
       Spider Form       |     1 |     9 ||    10
  Use: Potion            |     2 |     1 ||     3
 Stab: Sleeping          |     6 |     4 ||    10
  Eat: Chunk             |     2 |     6 ||     8
       Fruit             |     1 |       ||     1
Armor: Skin              |     3 |     1 ||     4
Dodge: Dodged            |    77 |    47 ||   124
